 Dungeon Crawl Stone Soup version 0.18.1-6-gd335043 (webtiles) character file.

35 Enteridas the Magician (level 3, 0/20 HPs)
             Began as a Deep Elf Wizard on May 19, 2016.
             Succumbed to an adder's poison
             ... on level 2 of the Dungeon.
             The game lasted 00:15:45 (2438 turns).

Enteridas the Magician (Deep Elf Wizard)            Turns: 2438, Time: 00:15:46

Health: 0/20       AC:  3    Str:  4    XL:     3   Next: 16%
Magic:  1/11       EV: 13    Int: 23    God:
Gold:   33         SH:  0    Dex: 13    Spells: 5 memorised, 3 levels left

rFire  + . .     SeeInvis .     e - +0 club
rCold  . . .     Gourm    .     a - +0 robe
rNeg   . . .     Faith    .     (no shield)
rPois  .         Spirit   .     b - +0 hat
rElec  .         Dismiss  .     (no cloak)
rCorr  .         Reflect  .     n - +0 pair of gloves (curse)
SustAt .         Harm     .     (no boots)
MR     .....                    (no amulet)
Stlth  ++........               (no ring)
                                u - ring of protection from fire

@: lethally poisoned (0 -> -4), very slightly contaminated, not resistant to
hostile enchantments, unstealthy
A: no striking features
a: no special abilities


You were on level 2 of the Dungeon.
You were hungry.

You visited 1 branch of the dungeon, and saw 2 of its levels.

You collected 33 gold pieces.

Inventory:

Hand Weapons
 e - a +0 club (weapon)
 f - a +0 dagger
 v - a +0 club
 w - a +0 hunting sling
 x - a +1 dagger of holy wrath
Missiles
 g - 80 arrows
 h - 57 stones (quivered)
 m - 12 sling bullets
 q - 10 poisoned needles
Armour
 a - a +0 robe (worn)
 b - a +0 hat (worn)
 i - a +0 robe
 n - a cursed +0 pair of gloves (worn)
 t - a +0 robe
 y - a +0 ring mail of positive energy
Jewellery
 r - an uncursed ring of ice
 u - a ring of protection from fire (left hand)
Scrolls
 k - a scroll of enchant armour {unknown}
 p - a scroll of enchant weapon {unknown}
 s - 3 scrolls of teleportation {unknown}
Potions
 l - a potion of might {unknown}
Books
 c - a book of Minor Magic

   Spells                             Type                      Level
   a - Magic Dart                     Conjuration                  1
   b - Blink                          Translocation                2
   c - Call Imp                       Summoning                    2
   d - Repel Missiles                 Charms/Air                   2
   e - Slow                           Hexes                        2
   f - Conjure Flame                  Conjuration/Fire             3
   g - Mephitic Cloud                 Conjuration/Poison/Air       3
Comestibles
 d - a bread ration
 j - a slice of pizza
 o - 8 chunks of flesh


   Skills:
 + Level 0.5 Fighting
 - Level 2.7 Dodging
 - Level 2.5 Stealth
 - Level 0.1 Unarmed Combat
 + Level 5.4 Spellcasting
 + Level 1.4 Conjurations
 * Level 1.1 Summonings
 + Level 1.1 Translocations


You had 3 spell levels left.
You knew the following spells:

 Your Spells              Type           Power        Failure   Level  Hunger
a - Magic Dart            Conj           ##..         6%          1    None
b - Blink                 Tloc           N/A          12%         2    None
c - Call Imp              Summ           ##......     12%         2    None
d - Repel Missiles        Chrm/Air       #.....       17%         2    None
e - Slow                  Hex            #.......     17%         2    None


Dungeon Overview and Level Annotations

Branches:
Dungeon (2/15)

Altars:


Message History

You feel sick.
Your magical contamination has completely faded away.
Casting: Blink
Confirm with . or Enter, or press ? or * to list all spells.
You miscast Blink.
You are very lightly contaminated with residual magic.
You feel a wrenching sensation. The adder closely misses you.
The adder bites you.
* * * LOW HITPOINT WARNING * * *
You are lethally poisoned!
The adder poisons you!
Casting: Blink
Confirm with . or Enter, or press ? or * to list all spells.
You don't have enough magic to cast that spell.
* * * LOW HITPOINT WARNING * * *
You feel sick. The adder misses you.
* * * LOW HITPOINT WARNING * * *
You feel sick.
You die...

#.###....<..###
#.####...####
#>.......#
######...# #...#
#...# . #...# #
#.####...####.#
.......@........
...
...........#....
...
.......S........
)..
######...#######
#.# #...# #.#
#...# #.# #...#
#.# #...#
#.######## #...#


You could see an adder.

Vanquished Creatures
  A dart slug (D:1)
  A giant gecko (D:2)
  7 bats
  3 giant cockroaches (D:1)
  4 hobgoblins (D:1)
  2 jackals (D:1)
  4 kobolds
  3 goblins
  5 rats
30 creatures vanquished.

Notes
Turn   | Place    | Note
--------------------------------------------------------------
     0 | D:1      | Enteridas the Deep Elf Wizard began the quest for the Orb.
     0 | D:1      | Reached XP level 1. HP: 10/10 MP: 7/7
   663 | D:1      | Reached XP level 2. HP: 8/15 MP: 5/9
  1039 | D:1      | Reached skill level 5 in Spellcasting
  2060 | D:1      | Learned a level 2 spell: Blink
  2063 | D:1      | Learned a level 2 spell: Call Imp
  2066 | D:1      | Learned a level 2 spell: Repel Missiles
  2069 | D:1      | Learned a level 2 spell: Slow
  2161 | D:1      | Reached XP level 3. HP: 19/19 MP: 7/11
  2435 | D:2      | HP: 1/20 [poisoned by an adder]
  2438 | D:2      | Succumbed to an adder's poison

Skill      XL: |  1  2 |
---------------+-------+-----
Spellcasting   | 5 |  5.4
Fighting       | |  0.5
Dodging        | |  2.7
Stealth        | |  2.5
Unarmed Combat | |  0.1
Conjurations   | |  1.4
Summonings     | |  1.1
Translocations | |  1.1

Action                   || total
-------------------------++-------
Melee: Unarmed           ||    17
       Club              ||    31
 Cast: Magic Dart        ||    75
       Blink             ||     4
  Use: Potion            ||     1
  Eat: Chunk             ||     4
Armor: Robe              ||    14
Dodge: Dodged            ||    81
